 Dungeon Crawl Stone Soup version 0.28-a0-1374-ga75cb3825e (webtiles) character file.

Game seed: 14330468663831986954

89 BubbleThief the Caller (level 4, -2/30 HPs)
             Began as a Barachi Summoner on Jan 1, 2022.
             Slain by Crazy Yiuf (4 damage)
             ... on level 2 of the Dungeon.
             The game lasted 00:04:00 (2448 turns).

BubbleThief the Caller (Barachi Summoner)           Turns: 2448, Time: 00:04:01

Health: -2/30      AC:  2    Str:  9    XL:     4   Next: 55%
Magic:  0/7        EV: 12    Int: 18    God:
Gold:   106        SH:  0    Dex: 12    Spells: 3/7 levels left

rFire   . . .      SeeInvis .   i - +2 dagger (venom)
rCold   . . .      Faith    .   (no shield)
rNeg    . . .      Spirit   .   a - +0 robe
rPois   .          Reflect  .   (no helmet)
rElec   .          Harm     .   (no cloak)
rCorr   .          Rampage  .   (no gloves)
Will    .....                   (no boots)
Stlth   ++........              (no amulet)
HPRegen 0.10/turn               (no ring)
MPRegen 0.10/turn               (no ring)

@: unable to hop, slow
A: amphibious, slowness 1, strong legs 1, +LOS
a: Hop


You were on level 2 of the Dungeon.
You visited 1 branch of the dungeon, and saw 2 of its levels.

You collected 106 gold pieces.

Inventory:

Hand Weapons
 i - a +2 dagger of venom (weapon)
Armour
 a - a +0 robe (worn)
Wands
 l - a wand of acid (2)
Scrolls
 b - a scroll of magic mapping {unknown}
 e - 2 scrolls of vulnerability {unknown}
 f - 2 scrolls of amnesia {unknown}
 h - a scroll of identify {unknown}
 j - a scroll of summoning {unknown}
Potions
 c - 2 potions of might {unknown}
 d - a potion of ambrosia {unknown}
 g - a potion of attraction {unknown}
 k - a potion of brilliance {unknown}


   Skills:
 - Level 2.1 Dodging
 - Level 1.7 Stealth
 - Level 2.1 Spellcasting
 + Level 7.0 Summonings


You had 3 spell levels left.
You knew the following spells:

 Your Spells              Type           Power      Damage    Failure   Level
a - Summon Small Mammal   Summ           100%       N/A       1%          1
b - Call Canine Familiar  Summ           27%        N/A       3%          3

Your spell library contained the following spells:

 Spells                   Type           Power      Damage    Failure   Level
 Call Imp                 Summ           27%        N/A       1%          2
 Summon Guardian Golem    Hex/Summ       14%        N/A       12%         3
 Summon Lightning Spire   Summ/Air       14%        N/A       38%         4


Dungeon Overview and Level Annotations

Branches:
Dungeon (2/15)

Altars:
Nemelex Xobeh

Annotations:
D:2 Crazy Yiuf


Innate Abilities, Weirdness & Mutations

You are amphibious.
You cover ground slowly.
You can hop short distances.
You have an extended range of vision and can be seen from far away.


Message History

Crazy Yiuf draws strength from your wounds!
Hop to where?
Press: ? - help, Dir - move target Boing!
Crazy Yiuf closely misses something.
Crazy Yiuf grits, "Peeping!
East sing-song action."
Your hound bites Crazy Yiuf.
Crazy Yiuf says, "Hah Hive song!"
Crazy Yiuf closely misses your hound.
Your hound bites Crazy Yiuf.
Your hound bites Crazy Yiuf.
Your hound closely misses Crazy Yiuf.
Crazy Yiuf barely misses your hound.
Your hound closely misses Crazy Yiuf.
Crazy Yiuf hits your hound with a +3 quarterstaff of chaos.
Your hound bites Crazy Yiuf but does no damage.
Your hound barely misses Crazy Yiuf.
Crazy Yiuf barely misses your hound.
Crazy Yiuf hits your hound with a +3 quarterstaff of chaos.
Your hound is poisoned.
You feel yourself speed up.
Your hound bites Crazy Yiuf but does no damage.
Crazy Yiuf closely misses your hound.
Your hound bites Crazy Yiuf but does no damage.
Crazy Yiuf twirls on the spot.
Crazy Yiuf barely misses your hound.
Your hound bites Crazy Yiuf but does no damage.
Crazy Yiuf laughs, "Adder bag foot!"
Crazy Yiuf barely misses your hound.
Your hound closely misses Crazy Yiuf.
Your hound dies!
Your hound's corpse disappears in a puff of smoke!
Crazy Yiuf grits, "Cake!"
Crazy Yiuf says, "Crazy?
Crazy!?
PORCUPINE!"
Casting: Call Canine Familiar (dangerous; 3% risk of failure)
Confirm with . or Enter, or press ? or * to list all spells.
Crazy Yiuf laughs, "Shadow tortoise tired!"
Your hound closely misses Crazy Yiuf.
Your hound bites Crazy Yiuf.
You closely miss Crazy Yiuf.
Crazy Yiuf is severely wounded.
Your hound closely misses Crazy Yiuf.
Crazy Yiuf hits you with a +3 quarterstaff of chaos!
* * * LOW HITPOINT WARNING * * *
Space warps around you.
You die...

..#####............g..##.###..#
..# #.##............>...###.# ###
##.##.................##.#
##..##.......##..###......# #
#..##..8...8..##.####.....#
#####..#...........#...#####..#
......##...(.8..h..#.#.## #..#
.###.###..>.....g..#.#..####.##
......##.....8..@..#..........#
.......#...........#.#........#
...[...##..8...8(.##.#........#
........##.......##..#........#
..........#.#.###.>..#........#
.........#..#.............)...#
........##.#....#.............###
.......###...####.....###....#...
.............# #.._..######..#..


You could see Crazy Yiuf (ally target) and a friendly hound (summoned).

Vanquished Creatures
  A hound (D:2)
  5 ball pythons
  5 bats
  3 hobgoblins
  2 goblins
16 creatures vanquished.

Vanquished Creatures (collateral kills)
  An adder (D:2)
  2 worms (D:2)
  A dart slug (D:2)
  2 ball pythons (D:1)
  An endoplasm (D:2)
  2 goblins
  4 hobgoblins
  3 kobolds
  4 bats
  4 frilled lizards
  2 rats (D:1)
26 creatures vanquished.

Grand Total: 42 creatures vanquished

Notes
Turn   | Place    | Note
-------+----------+-------------------------------------------
     0 | D:1      | BubbleThief the Barachi Summoner began the quest for the
                  | Orb.
     0 | D:1      | Reached XP level 1. HP: 13/13 MP: 3/3
    44 | D:1      | Reached skill level 5 in Summonings
   121 | D:1      | Reached XP level 2. HP: 14/19 MP: 3/5
   206 | D:1      | You fall into a shaft and drop 1 floor!
   323 | D:2      | Found a runed translucent door.
   324 | D:2      | Noticed Crazy Yiuf
   760 | D:1      | Reached XP level 3. HP: 16/24 MP: 2/6
   798 | D:1      | Learned a level 3 spell: Call Canine Familiar
   957 | D:1      | Reached skill level 6 in Summonings
  1794 | D:2      | Found a sparkling altar of Nemelex Xobeh.
  2215 | D:2      | Reached XP level 4. HP: 29/30 MP: 7/7
  2228 | D:2      | Reached skill level 7 in Summonings
  2448 | D:2      | Slain by Crazy Yiuf

Illustrated notes

Levels and vault maps discovered:
D:1:      lightli_arrival_boilingwater, layout_basic, amcnicky_mini_pool_small,
          minmay_pentomino_p2
D:2:      layout_rooms, basic_altar, grunt_ministairs_10, chequers_garden,
          minmay_box_of_dots, uniq_crazy_yiuf_cottage

Skill      XL: |  1  2  3  4 |
---------------+-------------+-----
Summonings     | 5 6 7 |  7.0
Dodging        | |  2.1
Stealth        | |  1.7
Spellcasting   | |  2.1

Action                   |  1- 3 |  4- 6 || total
-------------------------+-------+-------++-------
Melee: Unarmed           |    38 |       ||    38
       Dagger            |    72 |     8 ||    80
 Cast: Summon Small Mamm |    42 |       ||    42
       Call Canine Famil |     3 |     5 ||     8
 Abil: Hop               |       |     1 ||     1
 Stab: Sleeping          |     1 |     1 ||     2
Armor: Robe              |    39 |     2 ||    41
Dodge: Dodged            |    98 |     6 ||   104

Table legend: (Time is in decaauts)
 A = Elapsed time spent in this place.
 B = Non-inter-level travel time spent in this place.
 C = Inter-level travel time spent in this place.
 D = Time resting spent in this place.
 E = Time spent auto-exploring this place.
 F = Levels seen in this place.
 G = Mean time per level.
                   A        B        C        D        E       F      G
               +--------+--------+--------+--------+--------+-----+--------+
         Total |   2623 |   2584 |     39 |    173 |   1943 |   2 | 1311.5 |
       Dungeon |   2623 |   2584 |     39 |    173 |   1943 |   2 | 1311.5 |
               +--------+--------+--------+--------+--------+-----+--------+

Top non-repeatable levels by time:
     D:1: 1431 daAuts
     D:2: 1192 daAuts
